 Dungeon Crawl Stone Soup version 0.22-a0-772-gac08f70 (webtiles) character file.

5690 sking99 the Basher (level 10, -3/51 HPs)
             Began as a Vine Stalker Fighter on July 17, 2018.
             Was an Elder of Zin.
             Slain by a two-headed ogre
             ... wielding a +0 giant spiked club
              (24 damage)
             ... on level 9 of the Dungeon.
             The game lasted 00:18:16 (8530 turns).

sking99 the Basher (Vine Stalker Fighter)           Turns: 8530, Time: 00:18:16

Health: -3/51      AC: 13    Str: 21    XL:     10   Next: 76%
Magic:  0/15       EV:  6    Int: 10    God:    Zin [****..]
Gold:   393        SH: 12    Dex: 19    Spells: 9/9 levels left

rFire    . . .     SeeInvis .   a - +0 flail
rCold    . . .     Gourm    .   c - +0 shield
rNeg     + . .     Faith    .   k - +0 chain mail
rPois    ∞         Spirit   +   (no helmet)
rElec    .         Reflect  .   w - +0 cloak
rCorr    .         Harm     .   y - +0 pair of gloves
MR       +....                  l - +1 pair of boots
Stlth    ..........             (no amulet)
HPRegen  0.57/turn              n - ring of positive energy
MPRegen  0.14/turn              s - ring of flight

@: vitalised
A: fangs 3, regeneration 1, magic shield, antimagic bite, no potion heal 3, rot
immunity
a: Recite, Vitalisation, Imprison, Donate Gold, Renounce Religion, Evoke Flight


You were on level 9 of the Dungeon.
You worshipped Zin.
Zin was greatly pleased with you.
You were not hungry.

You visited 1 branch of the dungeon, and saw 9 of its levels.

You collected 436 gold pieces.
You donated 43 gold pieces to Zin.

Inventory:

Hand Weapons
 a - a +0 flail (weapon)
Armour
 c - a +0 shield (worn)
 k - a +0 chain mail (worn)
 l - a +1 pair of boots (worn)
 w - a +0 cloak (worn)
 y - a +0 pair of gloves (worn)
Jewellery
 n - a ring of positive energy (left hand)
 s - a ring of flight (right hand)
 C - a cursed -2 ring of dexterity {unknown}
 F - a +5 ring of intelligence {unknown}
Wands
 d - a wand of disintegration (17)
 o - a wand of digging (27)
Scrolls
 b - a scroll of fog
 g - 5 scrolls of teleportation
 h - a scroll of holy word
 i - a scroll of enchant armour
 x - 2 scrolls of remove curse
 A - a scroll of fear
 B - a scroll of magic mapping
 D - a scroll of immolation
Potions
 p - 4 potions of flight
 r - a potion of might
 t - 2 potions of berserk rage {unknown}
 u - a potion of ambrosia {unknown}
 v - 4 potions of curing
 E - a potion of agility {unknown}
Comestibles
 f - 19 rations


   Skills:
 - Level 5.0 Fighting
 * Level 10.2 Maces & Flails
 - Level 2.4 Armour
 + Level 7.6 Shields
 + Level 6.6 Invocations


You had 9 spell levels left.
You didn't know any spells.
Your spell library contained the following spells:

 Spells                   Type           Power        Failure   Level  Hunger
 Cause Fear               Hex            #.........   100%        4    #####..
 Animate Dead             Necr           N/A          100%        4    #####..
 Pain                     Necr           #...         100%        1    ##.....
 Animate Skeleton         Necr           N/A          100%        1    ##.....
 Vampiric Draining        Necr           #.........   100%        3    ####...
 Regeneration             Chrm/Necr      #.........   100%        3    ####...
 Deflect Missiles         Chrm/Air       #.........   100%        6    #######
 Silence                  Hex/Air        #.........   100%        5    ######.
 Discord                  Hex            #.........   100%        8    #######
 Yara's Violent Unravell  Hex/Tmut       #.........   100%        5    ######.


Dungeon Overview and Level Annotations

Branches:
Dungeon (9/15)             Temple (0/1) D:5            Lair (0/6) D:8
    Orc: D:9-12

Altars:
Ashenzari
Elyvilon
Fedhas
Makhleb
Okawaru
Qazlal
Ru
Trog
Vehumet
Wu Jian
Zin
Beogh

Shops:
D:8 !

Annotations:
D:3 1 runed door, azzavlup's ghost, amateur DsAK
D:7 3 runed doors, Meatbag's ghost, novice GrFi


Innate Abilities, Weirdness & Mutations

You have razor-sharp teeth.
Your natural rate of healing is unusually fast.
When hurt, damage is shared between your health and your magic reserves.
Your bite disrupts and absorbs the magic of your enemies.
Potions cannot restore your health.
You are immune to rotting.


Message History

Press: ? - help, Shift-Dir - straight line A rock wall.
The rock shatters into small pieces.
The centaur skeleton hits you but does no damage.
Zin grants you divine stamina.
You're not ready to recite again yet.
You completely miss the two-headed ogre.
You block the two-headed ogre's attack.
The two-headed ogre hits you with a giant spiked club!
You sock the two-headed ogre!
The two-headed ogre is lightly wounded.
You sock the two-headed ogre! You bite the two-headed ogre.
You drain its power.
You feel invigorated.
The two-headed ogre is moderately wounded.
The two-headed ogre hits you with a giant spiked club. x2
You closely miss the two-headed ogre.
You bite the two-headed ogre, but do no damage.
The two-headed ogre is moderately wounded.
The two-headed ogre hits you with a giant spiked club!!
You die...

## #.# #.# ##
#.# #.# #.# #.#
#.# #.# #.###.#
#@#.# ##O#
##.## ##Z<<##
##.....##
##...$...##
##.........##
#.[..(.)....#
#....?........#


You could see a two-headed ogre.

Vanquished Creatures
  2 two-headed ogres (D:8)
  Pikel (D:8)
  Grinder (D:4)
  Sigmund (D:2)
  A spriggan (D:7)
  A hungry ghost (D:8)
  3 wargs
  2 orc warriors
  An ice beast (D:5)
  9 ogres
  2 centaurs
  A big kobold (D:8)
  5 bullfrogs
  2 scorpions
  3 wights (D:7)
  A centaur zombie (D:8)
  A bullfrog zombie (D:7)
  4 crimson imps
  8 orc wizards
  6 hounds
  A centaur skeleton (D:4)
  3 orc priests
  Ijyb (D:3)
  2 iguanas
  2 worker ants
  A killer bee zombie (D:5)
  A hound skeleton (D:4)
  A mummy (D:6)
  7 gnolls
  7 adders
  4 shadow imps
  An ooze (D:1)
  An adder skeleton (D:4)
  A worm (D:4)
  3 dart slugs (D:1)
  7 leopard geckos
  26 orcs
  5 bats
  4 giant cockroaches
  9 hobgoblins
  8 jackals
  7 kobolds
  A quokka (D:6)
  6 frilled lizards
  8 goblins
  A hobgoblin zombie (D:6)
  A jackal skeleton (D:4)
  A kobold zombie (D:6)
  2 orc zombies (D:6)
  6 rats
183 creatures vanquished.

Vanquished Creatures (others)
  2 slaves (D:8)
  2 orcs
  2 withered plants (D:3)
6 creatures vanquished.

Grand Total: 189 creatures vanquished

Notes
Turn   | Place    | Note
-------+----------+-------------------------------------------
     0 | D:1      | sking99 the Vine Stalker Fighter began the quest for the Orb.
     0 | D:1      | Reached XP level 1. HP: 11/11 MP: 2/2
    20 | D:1      | Reached skill level 2 in Maces & Flails
    28 | D:1      | Reached XP level 2. HP: 4/16 MP: 0/3
   580 | D:1      | Reached XP level 3. HP: 20/20 MP: 4/4
  1039 | D:2      | Reached skill level 3 in Maces & Flails
  1039 | D:2      | Gained mutation: Your natural rate of healing is unusually fast. [Vine Stalker growth]
  1039 | D:2      | Reached XP level 4. HP: 21/24 MP: 5/5
  1117 | D:2      | Noticed Sigmund
  1156 | D:2      | Killed Sigmund
  1156 | D:2      | Reached skill level 4 in Maces & Flails
  1156 | D:2      | Reached XP level 5. HP: 10/29 MP: 3/6
  1156 | D:2      | Reached XP level 6. HP: 12/33 MP: 3/7
  1227 | D:2      | Found a stormy altar of Qazlal.
  1866 | D:3      | Found a faded altar of an unknown god.
  2112 | D:3      | Found a shattered altar of Ashenzari.
  2115 | D:3      | Found an ornate altar of the Wu Jian Council.
  2121 | D:3      | Found a burning altar of Makhleb.
  2124 | D:3      | Found a radiant altar of Vehumet.
  2143 | D:3      | Found an iron altar of Okawaru.
  2197 | D:3      | Found a runed door.
  2282 | D:3      | Noticed azzavlup's ghost (amateur DsAK)
  2453 | D:3      | Noticed Ijyb
  2461 | D:3      | Killed Ijyb
  2546 | D:3      | Reached skill level 5 in Maces & Flails
  2546 | D:3      | Reached XP level 7. HP: 25/37 MP: 8/8
  2927 | D:3      | Became a worshipper of Zin the Law-Giver
  2927 | D:3      | Reached * piety under Zin
  2927 | D:3      | Reached ** piety under Zin
  3156 | D:4      | Reached skill level 1 in Invocations
  3220 | D:4      | Gained mutation: You have razor-sharp teeth. [Vine Stalker growth]
  3220 | D:4      | Reached XP level 8. HP: 13/42 MP: 1/10
  3605 | D:4      | Reached skill level 6 in Maces & Flails
  3820 | D:4      | Noticed Grinder
  3847 | D:4      | Killed Grinder
  3847 | D:4      | Reached skill level 5 in Fighting
  3847 | D:4      | Reached skill level 5 in Shields
  3908 | D:4      | Reached *** piety under Zin
  4136 | D:5      | Entered Level 5 of the Dungeon
  4183 | D:5      | You fall through a shaft!
  4576 | D:6      | Found a sacrificial altar of Ru.
  4651 | D:5      | Reached skill level 7 in Maces & Flails
  4955 | D:5      | Reached XP level 9. HP: 35/47 MP: 9/12
  5068 | D:5      | Reached **** piety under Zin
  5360 | D:5      | Found a staircase to the Ecumenical Temple.
  5474 | D:6      | Found a white marble altar of Elyvilon.
  5739 | D:6      | Found a bloodstained altar of Trog.
  6268 | D:7      | Reached skill level 8 in Maces & Flails
  6639 | D:7      | Found a runed gate.
  6639 | D:7      | Found a runed gate.
  6640 | D:7      | Found a runed gate.
  6719 | D:7      | Reached skill level 5 in Invocations
  6945 | D:7      | Noticed Meatbag's ghost (novice GrFi)
  6955 | D:7      | Found a roughly hewn altar of Beogh.
  7064 | D:8      | Found a blossoming altar of Fedhas.
  7164 | D:8      | Noticed a two-headed ogre
  7181 | D:8      | Killed a two-headed ogre
  7181 | D:8      | Reached skill level 9 in Maces & Flails
  7181 | D:8      | Reached XP level 10. HP: 25/51 MP: 8/15
  7545 | D:8      | Noticed Pikel
  7561 | D:8      | Killed Pikel
  7583 | D:8      | HP: 2/51 [orc wizard/dagger (2)]
  7796 | D:8      | Found a staircase to the Lair.
  8030 | D:8      | Noticed a two-headed ogre
  8059 | D:8      | Killed a two-headed ogre
  8059 | D:8      | Reached skill level 10 in Maces & Flails
  8371 | D:8      | Found Ytaikhloe's Distillery.
  8502 | D:9      | Noticed a two-headed ogre
  8530 | D:9      | Slain by a two-headed ogre

Vault maps used:
D:1:      eino_arrival_tree_alley
D:2:      lemuel_coloured_pillars_altar, first_ration, uniq_sigmund
D:3:      minmay_overflow_temple_star_hex, chequers_ecumenical_altar_island,
          gammafunk_ghost_grave, uniq_ijyb
D:4:      dk_vineyard_1, uniq_grinder
D:5:      minmay_temple_entry_enclosed_plants
D:6:      kennysheep_mini_moat, kennysheep_mini, lemuel_doored_altar,
          minmay_misc_feat_columns, minmay_mini_ossuary
D:7:      biasface_ghost_orc_armoury, the_bakery
D:8:      lemuel_crystal_altar, erik_lair_orcish_takeover, serial_shops, shop,
          uniq_pikel
D:9:      nicolae_dithmenos_the_darkroom, minmay_bent

Skill      XL: |  1  2  3  4  5  6  7  8  9 10 |
---------------+-------------------------------+-----
Maces & Flails | 2 3 4 5 7 9 10 | 10.2
Fighting       | 3 4 5 |  5.0
Shields        | 3 4 5 6 7 |  7.6
Invocations    | 1 3 5 6 |  6.6
Armour         | |  2.4

Action                   |  1- 3 |  4- 6 |  7- 9 | 10-12 || total
-------------------------+-------+-------+-------+-------++-------
Melee: Flail             |    76 |   102 |   355 |   164 ||   697
       Bite              |    14 |    32 |   132 |    56 ||   234
       Unarmed           |       |     6 |       |       ||     6
Throw: Throwing net      |       |       |     1 |     1 ||     2
Invok: Recite            |       |       |    12 |    11 ||    23
       Vitalisation      |       |       |     1 |     4 ||     5
Evoke: Wand              |       |       |       |     2 ||     2
  Use: Potion            |       |     1 |     1 |       ||     2
       Scroll            |       |     1 |    10 |     5 ||    16
 Stab: Confused          |       |     1 |       |       ||     1
       Invisible         |       |       |     1 |     5 ||     6
       Held in net/web   |       |       |     1 |     1 ||     2
  Eat: Chunk             |       |     5 |    16 |     1 ||    22
       Ration            |       |       |       |     2 ||     2
Armor: Scale mail        |    15 |    42 |    38 |       ||    95
       Skin              |       |       |     4 |       ||     4
       Chain mail        |       |       |    82 |    73 ||   155
Dodge: Dodged            |    19 |    28 |    68 |    50 ||   165
Block: Shield            |    26 |    42 |   143 |   129 ||   340

Table legend:
 A = Spawn XP
 B = Non-spawn XP
 C = Spawn XP percentage of total XP
 D = Spawn monster count
 E = Non-spawn monster count
 F = Spawn count percentage of total count
 G = Total turns spent on level
                    A         B        C        D         E        F      G
               +---------+---------+-------+---------+---------+-------+---------
         Total |       0 |    8129 |   0.0 |       0 |     183 |   0.0 |  8530
               +---------+---------+-------+---------+---------+-------+---------
           D:1 |       0 |      76 |   0.0 |       0 |      32 |   0.0 |  1003
           D:2 |       0 |     307 |   0.0 |       0 |      12 |   0.0 |   832
           D:3 |       0 |     500 |   0.0 |       0 |      34 |   0.0 |  1218
           D:4 |       0 |     861 |   0.0 |       0 |      19 |   0.0 |  1083
           D:5 |       0 |     477 |   0.0 |       0 |      16 |   0.0 |   845
           D:6 |       0 |     685 |   0.0 |       0 |      18 |   0.0 |  1076
           D:7 |       0 |    1550 |   0.0 |       0 |      26 |   0.0 |  1328
           D:8 |       0 |    3673 |   0.0 |       0 |      26 |   0.0 |  1124
               +---------+---------+-------+---------+---------+-------+---------
